 Dungeon Crawl Stone Soup version 0.19-a0-1182-g094b998 (webtiles) character file.

1540 Lindan9 the Merchant of Misery (level 8, 0/54 HPs)
             Began as a Vampire Necromancer on Aug 17, 2016.
             Was a Believer of Kikubaaqudgha.
             Slain by a crimson imp (2 damage)
             ... on level 7 of the Dungeon.
             The game lasted 00:29:43 (6179 turns).

Lindan9 the Merchant of Misery (VpNe)               Turns: 6179, Time: 00:29:44

Health: 0/54       AC:  6    Str:  7    XL:     8   Next: 56%
Magic:  8/17       EV: 14    Int: 20    God:    Kikubaaqudgha [**....]
Gold:   217        SH:  0    Dex: 14    Spells: 6 memorised, 3 levels left

rFire  . . .     SeeInvis +     a - +0 short sword
rCold  . . .     Gourm    .     h - +0 robe
rNeg   + . .     Faith    .     (no shield)
rPois  .         Spirit   .     (no helmet)
rElec  .         Dismiss  .     z - +1 cloak
rCorr  .         Reflect  .     i - +0 pair of gloves
MR     .....     Harm     +     e - +0 pair of boots
Stlth  +++.......               k - amulet of harm
                                (no ring)
                                (no ring)

@: no status effects
A: fangs 3, see invisible, unbreathing
a: Bat Form, Receive Corpses, Renounce Religion


You were on level 7 of the Dungeon.
You worshipped Kikubaaqudgha.
Kikubaaqudgha was pleased with you.
You were not thirsty.

You visited 1 branch of the dungeon, and saw 7 of its levels.

You collected 217 gold pieces.

Inventory:

Hand Weapons
 a - a +0 short sword (weapon)
Armour
 e - a +0 pair of boots (worn)
 h - a +0 robe (worn)
 i - a +0 pair of gloves (worn)
 s - a +2 leather armour of magic resistance
 z - a +1 cloak (worn)
Jewellery
 k - an amulet of harm (around neck)
 p - an uncursed amulet of rage
 w - an uncursed ring of see invisible
 y - an uncursed amulet of the gourmand {unknown}
Wands
 u - a wand of enslavement (12/24)
 A - a wand of teleportation (7/9)
Scrolls
 l - a scroll of teleportation
 m - 2 scrolls of remove curse
 v - a scroll of recharging
Potions
 c - a potion of lignification {unknown}
 d - a potion of berserk rage
 f - 5 potions of curing
 g - 4 potions of heal wounds
 j - a potion of mutation
 n - 2 potions of cancellation
 q - a potion of cure mutation {unknown}
 r - 2 potions of degeneration {unknown}
 x - a potion of might {unknown}
 B - a potion of flight {unknown}
Books
 b - a book of Necromancy

   Spells                             Type                      Level
   a - Pain                           Necromancy                   1
   b - Animate Skeleton               Necromancy                   1
   c - Vampiric Draining              Necromancy                   3
   d - Regeneration                   Charms/Necromancy            3
   e - Animate Dead                   Necromancy                   4
   f - Control Undead                 Necromancy                   4
 o - Kikubaaqudgha's Collected Works on Unholy Rites
   (Kikubaaqudgha gifted it to you on level 5 of the Dungeon)

   Spells                             Type                      Level
   a - Animate Skeleton               Necromancy                   1
   b - Corpse Rot                     Necromancy                   2
   c - Sublimation of Blood           Necromancy                   2
   d - Vampiric Draining              Necromancy                   3
   e - Control Undead                 Necromancy                   4
 t - a book of the Dragon

   Spells                             Type                      Level
   a - Flame Tongue                   Conjuration/Fire             1
   b - Cause Fear                     Hexes                        4
   c - Bolt of Fire                   Conjuration/Fire             6
   d - Dragon Form                    Transmutation                7
   e - Dragon's Call                  Summoning                    9
 C - a book of Clouds

   Spells                             Type                      Level
   a - Mephitic Cloud                 Conjuration/Poison/Air       3
   b - Conjure Flame                  Conjuration/Fire             3
   c - Poisonous Cloud                Conjuration/Poison/Air       6
   d - Freezing Cloud                 Conjuration/Ice/Air          6
   e - Ring of Flames                 Charms/Fire                  7


   Skills:
 + Level 1.0 Fighting
 + Level 2.0 Short Blades
 + Level 4.5 Dodging
 + Level 4.8 Stealth
 + Level 6.3 Spellcasting
 + Level 8.6 Necromancy


You had 3 spell levels left.
You knew the following spells:

 Your Spells              Type           Power        Failure   Level  Hunger
a - Pain                  Necr           ####         1%          1    None
b - Animate Skeleton      Necr           N/A          1%          1    None
c - Vampiric Draining     Necr           #####.....   1%          3    ##.....
d - Regeneration          Chrm/Necr      ###.......   8%          3    ##.....
e - Control Undead        Necr           #####.....   3%          4    ####...
f - Animate Dead          Necr           N/A          3%          4    ####...


Dungeon Overview and Level Annotations

Branches:
Dungeon (7/15)             Temple (0/1) D:7

Altars:
Ashenzari
Cheibriados
Dithmenos
Kikubaaqudgha
Sif Muna
Zin

Shops:
D:6 *

Annotations:
D:6 liquidsnake's ghost, novice DgWn


Innate Abilities, Weirdness & Mutations

You have razor-sharp teeth.
You have supernaturally acute eyesight. (SInv)
You can survive without breathing.


Message History

Kikubaaqudgha accepts your kill.
Kikubaaqudgha is protecting you from necromantic miscasts and death curses.
Your Short Blades skill increases to level 2!
The crimson imp closely misses you.
Okay, then.
D - a potion of blood The crimson imp closely misses you.
A giant gecko comes into view.
Yummy - fresh blood!
The crimson imp closely misses you.
You hit the crimson imp but do no damage.
The crimson imp completely misses you. The giant gecko bites you.
* * * LOW HITPOINT WARNING * * *
You hit the giant gecko but do no damage.
The crimson imp hits you but does no damage.
The giant gecko barely misses you.
You miss the giant gecko. The crimson imp misses you.
The giant gecko misses you.
You barely miss the giant gecko. The crimson imp hits you.
You die...
Kikubaaqudgha rasps: "You have failed me!
Welcome... oblivion!"

*,,,,***,,,,,**#.........
#....##,,,,,,,*#..)......
*...o.#,,,,,,,*#........>
**....#,,,,,,,*#.........
*,h.o#*,,,,,**#.#####...
***..#**,,,** #.# #...
*#.# ***** #.# #...
#.##########.# ####
#..l@5.......# #
############.# #.# #.#
#.# #.######## #.........
##########


You could see a crimson imp and a giant gecko.

Vanquished Creatures
  Prince Ribbit (D:7)
  An ice beast (D:6)
  A sky beast (D:6)
  A black bear (D:7)
  3 centaurs
  2 giant frogs (D:6)
  A water moccasin zombie (D:6)
  A howler monkey (D:5)
  A centaur zombie (D:7)
  A giant frog zombie (D:5)
  3 hounds
  Crazy Yiuf (D:2)
  A jelly (D:5)
  A giant frog skeleton (D:4)
  An iguana (D:5)
  An orc wizard (D:3)
  3 worker ants
  A worker ant zombie (D:6)
  8 adders
  2 oozes
  An adder skeleton (D:5)
  3 worms
  5 giant geckos
  9 orcs
  3 ball pythons
  2 bats
  A bat zombie (D:2)
  5 giant cockroaches
  3 goblins
  4 hobgoblins
  3 kobolds
  3 quokkas
  6 giant newts
  A quokka skeleton (D:5)
  10 rats
  2 rat zombies (D:2)
96 creatures vanquished.

Vanquished Creatures (collateral kills)
  A sky beast (D:5)
1 creature vanquished.

Grand Total: 97 creatures vanquished

Notes
Turn   | Place    | Note
-------+----------+-------------------------------------------
     0 | D:1      | Lindan9 the Vampire Necromancer began the quest for the Orb.
     0 | D:1      | Reached XP level 1. HP: 13/13 MP: 3/3
     9 | D:1      | Noticed a giant frog
   225 | D:1      | Reached XP level 2. HP: 17/19 MP: 0/5
   443 | D:1      | Reached skill level 5 in Necromancy
  1127 | D:2      | Reached XP level 3. HP: 23/24 MP: 6/6
  1137 | D:2      | Found an ancient bone altar of Kikubaaqudgha.
  1145 | D:2      | Became a worshipper of Kikubaaqudgha
  1229 | D:2      | Found a glowing silver altar of Zin.
  1261 | D:2      | Found a runed door.
  1609 | D:2      | Noticed Crazy Yiuf
  1620 | D:2      | Killed Crazy Yiuf
  1620 | D:2      | Reached XP level 4. HP: 11/30 MP: 3/8
  1980 | D:3      | Learned a level 1 spell: Animate Skeleton
  1984 | D:3      | Learned a level 3 spell: Vampiric Draining
  1988 | D:3      | Learned a level 3 spell: Regeneration
  2248 | D:3      | Found a faded altar of an unknown god.
  2567 | D:4      | Reached XP level 5. HP: 35/35 MP: 10/10
  3498 | D:4      | Found a shadowy altar of Dithmenos.
  3499 | D:4      | Found a shattered altar of Ashenzari.
  3542 | D:5      | Entered Level 5 of the Dungeon
  3707 | D:5      | Noticed a sky beast
  3764 | D:5      | Noticed a centaur
  3772 | D:5      | Killed a centaur
  3772 | D:5      | Reached skill level 1 in Short Blades
  3772 | D:5      | Reached skill level 6 in Necromancy
  3772 | D:5      | Reached XP level 6. HP: 26/41 MP: 5/12
  3788 | D:5      | Learned a level 4 spell: Control Undead
  3889 | D:5      | Killed a sky beast
  4062 | D:5      | Found a snail-covered altar of Cheibriados.
  4103 | D:5      | Reached * piety under Kikubaaqudgha
  4103 | D:5      | Identified Kikubaaqudgha's Collected Works on Unholy Rites (Kikubaaqudgha gifted it to you on level 5 of the Dungeon)
  4103 | D:5      | Received a gift from Kikubaaqudgha
  4425 | D:5      | Reached XP level 7. HP: 42/47 MP: 10/14
  4920 | D:6      | Noticed liquidsnake's ghost (novice DgWn)
  4938 | D:6      | Reached skill level 7 in Necromancy
  5019 | D:6      | Reached skill level 5 in Spellcasting
  5272 | D:6      | Found Taose's General Store.
  5317 | D:6      | Reached XP level 8. HP: 51/53 MP: 12/16
  5495 | D:6      | Reached skill level 8 in Necromancy
  5699 | D:6      | Found a deep blue altar of Sif Muna.
  5872 | D:7      | Found a staircase to the Ecumenical Temple.
  5956 | D:7      | Learned a level 4 spell: Animate Dead
  6030 | D:7      | Noticed Prince Ribbit
  6038 | D:7      | Killed Prince Ribbit
  6038 | D:7      | Reached skill level 1 in Fighting
  6173 | D:7      | Reached ** piety under Kikubaaqudgha
  6176 | D:7      | HP: 2/54 [giant gecko (3)]
  6179 | D:7      | Slain by a crimson imp

Vault maps used:
D:1:      evilmike_arrival_come_back
D:2:      lemuel_zombie_altar_kikubaaqudgha, zin_academy,
          uniq_crazy_yiuf_cottage
D:3:      ecumenical_altar_2
D:4:      gammafunk_temple_overflow_pools, first_bread
D:5:      nicolae_overflow_crystal_walls, portal_sewer_entry_d,
          corexii_item_surrounded_by_moat
D:6:      led_sif_pool, serial_shops, nicolae_shop_crystal, fedhas_altar_4
D:7:      minmay_opposing_rooms, uniq_prince_ribbit1

Skill      XL: |  1  2  3  4  5  6  7  8 |
---------------+-------------------------+-----
Necromancy     | 5 6 7 8 |  8.6
Spellcasting   | 3 4 5 6 |  6.3
Dodging        | 3 4 |  4.5
Short Blades   | 1 2 |  2.0
Stealth        | 4 |  4.8
Fighting       | 1 |  1.0

Action                   |  1- 3 |  4- 6 |  7- 9 || total
-------------------------+-------+-------+-------++-------
Melee: Short sword       |    13 |    70 |   157 ||   240
       Bite              |     2 |     4 |     9 ||    15
 Cast: Pain              |    50 |    88 |    48 ||   186
       Animate Skeleton  |       |     3 |     1 ||     4
       Control Undead    |       |     2 |     3 ||     5
       Vampiric Draining |       |       |     8 ||     8
       Regeneration      |       |       |     1 ||     1
  Use: Scroll            |     3 |    11 |     4 ||    18
       Potion            |       |     1 |     4 ||     5
 Stab: Sleeping          |       |     7 |     3 ||    10
       Distracted        |       |     1 |     1 ||     2
  Eat: Corpse            |     5 |     7 |     2 ||    14
Armor: Robe              |     5 |    21 |    47 ||    73
Dodge: Dodged            |    16 |    74 |   146 ||   236
